[Event "*** SCC Grand Prix: Titled Tuesday Blitz"]
[Site "Chess.com"]
[Date "2020.07.14"]
[Round "2"]
[White "Guenplen"]
[Black "Legendinunknown"]
[Result "0-1"]
[WhiteElo "2884"]
[BlackElo "2561"]
[TimeControl "180+1"]
[EndTime "10:18:25 PDT"]
[Termination "Legendinunknown won by resignation"]

1. d4 Nf6 2. Bf4 d5 3. e3 c5 4. c3 Nc6 5. Nd2 Qb6 6. Qc2 g6 7. Ngf3 Bf5 8. dxc5 Qxc5 9. Qb3 Qb6 10. Qxb6 axb6 11. Bb5 Bg7 12. O-O O-O 13. Bc7 Nd7 14. Nd4 Rfc8 15. Nxc6 bxc6 16. Bxc6 Ra7 17. Bxd7 Bxd7 18.
Bg3 b5 19. a3 Rca8 20. Rad1 Bg4 21. Nf3 e6 22. h3 Bxf3 23. gxf3 Ra4 24. Bd6 f5 25. f4 Rc4 26. Kg2 Kf7 27. Kf3 Bf6 28.
Rh1 h6 29. Be5 Bxe5 30. fxe5 Re4 31. Rd4 Rxe5 32. Rb4 Ra5 33. Ke2 Re4 34. Rc1 Rc4 35. Kd3 g5 36. Ra1 Kg6 37. b3 Rc7 38. a4 Rca7 39.
Kd4 Kf6 40. f4 g4 41. Rh1 bxa4 42. hxg4 a3 43. gxf5 a2 44. Ra1 Kxf5 45. Rb8 Kg4 46. b4 Ra3 47. b5 Rb3 48. b6 Ra4+ 49. Ke5 Rb1 50. b7 Kf3 51. f5 exf5 52. Rxa2 Rxa2 53. Rf8 Rxb7 54. Rxf5+ Kxe3 0-1

[Event "*** SCC Grand Prix: Titled Tuesday Blitz"]
[Site "Chess.com"]
[Date "2020.07.14"]
[Round "2"]
[White "elohunter1999"]
[Black "econpower"]
[Result "0-1"]
[WhiteElo "2453"]
[BlackElo "2668"]
[TimeControl "180+1"]
[EndTime "10:18:25 PDT"]
[Termination "econpower won by resignation"]

1. e4 d6 2. d4 Nf6 3. Nc3 e5 4. Nf3 Nbd7 5. Bc4 Be7 6. a4 O-O 7.
O-O c6 8. h3 Qc7 9. Qe2 b6 10.
Be3 a6 11. Ba2 Bb7 12. Nh4 Rfe8 13. Nf5 Bf8 14. dxe5 Nxe5 15. Bg5 Ned7 16. Qf3 d5 17. Bf4 Ne5 18. Qg3 Kh8 19. exd5 Nh5 20. Bxe5 Rxe5 21. Qf3 Nf6 22. Rae1 cxd5 23. Qg3 Rae8 24. Rxe5 Qxe5 25. Qxe5 Rxe5 26. Nd4 Bc5 27. Nce2 Ne4 28.
Rd1 g6 29. c3 a5 30. Nf4 Kg7 31. Nd3 Re7 32. Nxc5 bxc5 33. Nf3 Nf6 34. Re1 Rxe1+ 35.
Nxe1 Bc6 36. Nd3 c4 37. Nc5 Kf8 38. b4 cxb3 39. Nxb3 Bxa4 40. Nxa5 Ke7 41. Nb3 Bxb3 42. Bxb3 Kd6 43. Kf1 Ne4 44. c4 Nd2+ 45. Ke2 Nxb3 46.
cxd5 Kxd5 47. Kf3 Ke5 48. h4 Nd4+ 49. Kg4 h5+ 50. Kg5 Ne6+ 51. Kh6 Kf6 52. g3 Ng7 53. Kh7 Nf5 54. Kg8 Nh6+ 55. Kh7 Ng4 56. f3 Nh2 57. g4 hxg4 58. fxg4 Nxg4 59. Kg8 Nh6+ 60. Kh7 Nf5 0-1

[Event "*** SCC Grand Prix: Titled Tuesday Blitz"]
[Site "Chess.com"]
[Date "2020.07.14"]
[Round "2"]
[White "crossingthestreet"]
[Black "TimKett"]
[Result "1/2-1/2"]
[WhiteElo "2397"]
[BlackElo "2135"]
[TimeControl "180+1"]
[EndTime "10:18:25 PDT"]
[Termination "Game drawn by repetition"]

1. d4 d5 2. Bf4 e6 3. e3 c5 4. Nd2 Nc6 5. Ngf3 Nf6 6. c3 Bd6 7. Bg3 O-O 8. Bd3 Qe7 9. Ne5 Bxe5 10. dxe5 Nd7 11. f4 f5 12. exf6 Qxf6 13. O-O b6 14.
e4 Bb7 15. e5 Qh6 16. Qg4 c4 17. Bc2 Nc5 18. Rae1 Rad8 19. Nf3 d4 20. cxd4 Nxd4 21. Nxd4 Rxd4 22. Re2 Nd3 23. Bxd3 cxd3 24. Rd2 Rc8 25. Bf2 Rxf4 26. Qg3 Be4 27. Re1 Rc2 28. Be3 Rxd2 29. Bxd2 Rf1+ 30. Kxf1 Qxd2 31. Rxe4 Qc1+ 32. Re1 d2 33.
Qe3 dxe1=Q+ 34. Qxe1 Qc4+ 35. Kf2 Qxa2 36. Qc3 Qd5 37.
Qc8+ Kf7 38. Qc7+ Kg6 39. h4 Qd4+ 40. Kg3 Qe3+ 41. Kh2 Qf4+ 42. Kg1 Qe3+ 43. Kf1 Qf4+ 44. Ke1 Qe3+ 45. Kd1 Qg1+ 46. Kc2 Qxg2+ 47. Kb1 Qe4+ 48. Ka2 Qa4+ 49. Kb1 Qd1+ 50. Ka2 Qa4+ 51. Kb1 Qd1+ 52. Ka2 Qa4+ 1/2-1/2

[Event "*** SCC Grand Prix: Titled Tuesday Blitz"]
[Site "Chess.com"]
[Date "2020.07.14"]
[Round "2"]
[White "biaf13"]
[Black "Fischerev7"]
[Result "0-1"]
[WhiteElo "1956"]
[BlackElo "2347"]
[TimeControl "180+1"]
[EndTime "10:18:25 PDT"]
[Termination "Fischerev7 won on time"]

1. e4 c5 2. Nf3 d6 3. d4 cxd4 4. Nxd4 Nf6 5. Nc3 a6 6. Be3 e5 7. Nb3 Be6 8. f3 Be7 9. Qd2 O-O 10. O-O-O Nbd7 11. g4 b5 12. g5 b4 13. Nd5 Nxd5 14.
exd5 Bf5 15. h4 a5 16. Kb1 a4 17. Nc1 Qa5 18. Bd3 Bxd3 19. Nxd3 b3 20. Qxa5 bxc2+ 21. Kxc2 Rxa5 22. Nb4 Rc8+ 23. Kb1 Rb5 24. Nc6 Bf8 25. Na7 Rcb8 26. Nxb5 Rxb5 27. Rd3 g6 28. Rc1 Bg7 29. Rc8+ Nf8 30. Ra3 Rb4 31. Bf2 h6 32. Rd3 e4 33.
Rd2 exf3 34. a3 Rg4 35. Ra8 hxg5 36. hxg5 Be5 37. Rc2 Kg7 38. Be3 Re4 39. Bf2 Nh7 40.
Rcc8 Nxg5 41. Rc2 Nh3 42. Bb6 Rf4 43. Rc1 f2 44. Rf1 Rf3 0-1

[Event "*** SCC Grand Prix: Titled Tuesday Blitz"]
[Site "Chess.com"]
[Date "2020.07.14"]
[Round "2"]
[White "ChessLover0108"]
[Black "Love_craft"]
[Result "1/2-1/2"]
[WhiteElo "2677"]
[BlackElo "2465"]
[TimeControl "180+1"]
[EndTime "10:18:26 PDT"]
[Termination "Game drawn by repetition"]

1. d4 Nf6 2. c4 g6 3. Nc3 Bg7 4. e4 d6 5. Be2 Nbd7 6. Be3 O-O 7. Nf3 e5 8. O-O c6 9. d5 c5 10. Nd2 Ne8 11. a3 f5 12. f3 f4 13. Bf2 g5 14. b4 b6 15. Rb1 h5 16. Nb3 Rf7 17. bxc5 bxc5 18. Nb5 Bf8 19. Be1 a6 20. Ba5 Qf6 21.
Nc7 Nxc7 22. Bxc7 Ra7 23. Ba5 Qg6 24. Be1 Nf6 25. Na5 g4 26. Nc6 Rac7 27. Rb8 Rg7 28.
Bh4 gxf3 29. Bxf3 Bh3 30. Qe2 Rb7 31. Rxb7 Rxb7 32. Bxf6 Qxf6 33. gxh3 Qh4 34. Qg2+ Rg7 35. Kh1 Rxg2 36. Kxg2 Bg7 37. Rb1 Qg5+ 38. Kf1 Kh7 39.
a4 Qh4 40. Kg2 Qg5+ 41. Kh1 Qh4 42. Kg2 Qg5+ 43. Kf1 Qh4 44. Kg2 1/2-1/2

[Event "*** SCC Grand Prix: Titled Tuesday Blitz"]
[Site "Chess.com"]
[Date "2020.07.14"]
[Round "2"]
[White "Terao90"]
[Black "Rytenko_V"]
[Result "0-1"]
[WhiteElo "2268"]
[BlackElo "2470"]
[TimeControl "180+1"]
[EndTime "10:18:26 PDT"]
[Termination "Rytenko_V won on time"]

1. c4 Nf6 2. Nc3 e5 3. g3 Bb4 4.
Bg2 O-O 5. Nf3 Nc6 6. O-O Re8 7.
Nd5 Bc5 8. d3 h6 9. Nxf6+ Qxf6 10. Nd2 a5 11. Ne4 Qe7 12. Nxc5 Qxc5 13. Be3 Nd4 14.
b3 d6 15. Qd2 Bg4 16. Rfe1 c6 17. h3 Bh5 18. Rab1 Qb4 19. Qb2 c5 20. a3 Qb6 21.
g4 Bg6 22. b4 axb4 23. axb4 Qxb4 24. Qxb4 cxb4 25. Bxd4 exd4 26. Bxb7 Ra2 27. Bf3 Rb8 28. Rb3 Ra3 29. Reb1 Rxb3 30. Rxb3 Kf8 31. Kf1 Ke7 32. Ke1 f5 33. Kd2 f4 34. e3 fxe3+ 35. fxe3 dxe3+ 36. Kxe3 Kf6 37. d4 Bf7 38. Be2 Bg6 39. Bd3 Bf7 40.
Rb1 Kg5 41. Rf1 Be6 42. d5 Bd7 43. Rf7 Be8 44. Rxg7+ Kf6 45. Rg8 b3 46. Kd4 b2 47.
c5 Rb3 48. Bb1 Bf7 49. Rd8 Rb4+ 50. Kc3 dxc5 51. d6 Rb3+ 52. Kc2 Rxh3 0-1

[Event "*** SCC Grand Prix: Titled Tuesday Blitz"]
[Site "Chess.com"]
[Date "2020.07.14"]
[Round "2"]
[White "bratkoo"]
[Black "MihailNik"]
[Result "1/2-1/2"]
[WhiteElo "2467"]
[BlackElo "2679"]
[TimeControl "180+1"]
[EndTime "10:18:27 PDT"]
[Termination "Game drawn by agreement"]

1. Nf3 Nf6 2. d4 d5 3. g3 Bf5 4. Bg2 e6 5. O-O h6 6. Nbd2 c6 7. Ne5 Be7 8. c3 O-O 9. h3 Nbd7 10. Ndf3 c5 11. g4 Be4 12. Bf4 cxd4 13. cxd4 Qb6 14. b3 Rac8 15. Nxd7 Nxd7 16. Ne5 Nxe5 17. Bxe4 Nc6 18.
Bd3 Qxd4 19. e3 Qb4 20. Bg3 Bf6 21. Rc1 Ne5 22. Bb1 Qa3 23. Rxc8 Rxc8 24. f4 Nd7 25. g5 Be7 26. gxh6 g6 27. f5 exf5 28. Qxd5 Nf6 29. Qxb7 Rc1 30. Bd3 Rxf1+ 31. Bxf1 Qc5 32. Bf2 Ne4 33.
Bc4 Nxf2 34. Kxf2 f4 35. Qf3 Bg5 36. h7+ Kxh7 37. Ke2 Qe7 38. e4 Kg7 39. Bd5 Qc7 40.
Qd3 Bf6 41. Qc4 Qe7 42. Kf3 Be5 43. Qc8 Qh4 44. Qg4 Qe1 45. Qg2 Qe3+ 46. Kg4 Qd3 47. h4 f5+ 48. exf5 Qxf5+ 49. Kf3 Qd3+ 50. Kg4 Kh6 51.
Be4 Qd1+ 52. Kh3 Qd7+ 53. Qg4 Qxg4+ 54. Kxg4 Kg7 55. b4 Kf6 56. b5 Bc7 57. a4 Bd6 1/2-1/2

[Event "*** SCC Grand Prix: Titled Tuesday Blitz"]
[Site "Chess.com"]
[Date "2020.07.14"]
[Round "2"]
[White "Chernobay_Artem"]
[Black "GMJustin"]
[Result "1-0"]
[WhiteElo "2618"]
[BlackElo "2298"]
[TimeControl "180+1"]
[EndTime "10:18:27 PDT"]
[Termination "Chernobay_Artem won on time"]

1. d4 d5 2. c4 dxc4 3. Nf3 a6 4. g3 b5 5. Bg2 Bb7 6. O-O Nd7 7. b3 cxb3 8. Qxb3 e6 9. a4 c5 10. axb5 axb5 11.
Rxa8 Qxa8 12. dxc5 Bxc5 13. Nc3 Ngf6 14. Nxb5 O-O 15.
Bf4 Bd5 16. Qb2 Qb7 17. Rb1 Ng4 18. Nc3 Bxf2+ 19. Kf1 Qxb2 20. Rxb2 Be3 21. Nxd5 exd5 22. Bh3 Bxf4 23. gxf4 Ndf6 24. Kg2 h5 25. Nd4 Re8 26. Rb7 g6 27. Bxg4 hxg4 28. Kf2 Ne4+ 29. Ke1 g3 30. hxg3 Nxg3 31. Kf2 Ne4+ 32. Kf3 Nc3 33. Rc7 Ne4 34.
Nc6 Nf6 35. Ne5 Rf8 36. Ke3 Kg7 37. Kd4 Ne4 38. Kxd5 Nf6+ 39. Kd4 Ne8 40. Ra7 Nd6 41. Kd5 Nf5 42. Nd7 Rd8 43. e4 1-0

[Event "*** SCC Grand Prix: Titled Tuesday Blitz"]
[Site "Chess.com"]
[Date "2020.07.14"]
[Round "2"]
[White "Tash_Boy"]
[Black "dopolian"]
[Result "1-0"]
[WhiteElo "2681"]
[BlackElo "2456"]
[TimeControl "180+1"]
[EndTime "10:18:28 PDT"]
[Termination "Tash_Boy won on time"]

1. e4 e5 2. Nf3 Nc6 3. Bc4 Bc5 4. c3 Nf6 5. d3 O-O 6. O-O d5 7. exd5 Nxd5 8. a4 a5 9. Re1 Bg4 10. Nbd2 Bb6 11. h3 Bh5 12. Ne4 Re8 13. Ng3 Bg6 14.
Qb3 Nf6 15. Ng5 Re7 16. N5e4 Nxe4 17. dxe4 Rd7 18. Bd5 Rb8 19. Be3 Bxe3 20. Rxe3 Ne7 21. Bc4 b6 22. Rf3 Nc8 23. Bb5 Rd2 24. Re1 Nd6 25.
Bc6 Nc8 26. Bd5 Nd6 27. Nf1 Rxd5 28. Qxd5 Qe7 29. Ng3 Rd8 30. Qb3 Kh8 31. Rd3 f6 32. Red1 Bf7 33. Qc2 Bc4 34. R3d2 Re8 35. b3 Be6 36. c4 Nb7 37. f3 Nc5 38. Kh2 g6 39. Qc3 Kg7 40. Ne2 Bf7 41. Qe3 Be6 42. Nc3 c6 43. Rd6 Bd7 44. Ne2 Rc8 45. h4 Be6 46. h5 Bf7 47. h6+ Kg8 48. Ng3 Be8 49. Qd2 Bf7 50. Rd8+ Rxd8 51. Qxd8+ Qe8 52. Qxf6 Ne6 53.
Rd6 1-0

[Event "*** SCC Grand Prix: Titled Tuesday Blitz"]
[Site "Chess.com"]
[Date "2020.07.14"]
[Round "2"]
[White "platy3"]
[Black "korkmaz16"]
[Result "1-0"]
[WhiteElo "2760"]
[BlackElo "2318"]
[TimeControl "180+1"]
[EndTime "10:18:28 PDT"]
[Termination "platy3 won on time"]

1. e4 e6 2. d4 d5 3. Nc3 Nf6 4. e5 Nfd7 5. f4 c5 6. Nf3 Nc6 7. Be3 Qb6 8. Na4 Qa5+ 9. c3 cxd4 10. b4 Nxb4 11. cxb4 Bxb4+ 12. Bd2 Bxd2+ 13. Nxd2 b6 14. Nb2 Nc5 15. Be2 Ba6 16. O-O d3 17. Bf3 Qc3 18.
Rb1 O-O 19. Qe1 Rac8 20. Qe3 Qa5 21. f5 exf5 22. Bxd5 Ne4 23. Nxe4 Qxd5 24. Nd6 Qc5 25. Nxf5 Qxe3+ 26. Nxe3 Rfe8 27. Ng4 Rc2 28. Nf2 d2 29. Nbd3 Rxa2 30. Rfd1 Rd8 31. Nb4 Ra4 32. Nxa6 Rxa6 33. Rb2 Ra5 34. Rbxd2 Rxd2 35. Rxd2 Ra1+ 36. Nd1 g6 37.
Kf2 Kg7 38. Ne3 b5 39. Rd7 a5 40. e6 b4 41. e7 b3 42. e8=Q b2 43. Qxf7+ Kh6 44. Qxh7+ 1-0

[Event "*** SCC Grand Prix: Titled Tuesday Blitz"]
[Site "Chess.com"]
[Date "2020.07.14"]
[Round "2"]
[White "random_mango"]
[Black "natelleka"]
[Result "0-1"]
[WhiteElo "2373"]
[BlackElo "2113"]
[TimeControl "180+1"]
[EndTime "10:18:28 PDT"]
[Termination "natelleka won by checkmate"]

1. e4 e5 2. Nf3 Nf6 3. Nxe5 Nxe4 4. Qe2 Qe7 5. Qxe4 d6 6. d4 dxe5 7. dxe5 Nc6 8. Bb5 Bd7 9. Nc3 O-O-O 10. Bf4 g5 11.
Bg3 Bg7 12. O-O-O Rhe8 13. Rhe1 Qc5 14. Rd5 Qf8 15. Red1 f5 16. Qa4 f4 17. e6 Rxe6 18. Bxc6 Rxc6 19. Qxa7 Ra6 20. Qc5 Qxc5 21. Rxc5 fxg3 22.
Rxg5 Bh6 23. f4 Bxg5 24. fxg5 gxh2 25. Nd5 Bg4 26. Ne7+ Kb8 27. Rxd8+ Ka7 28. Nc8+ Bxc8 29. Rd1 Bg4 30. Rh1 Rxa2 31. Rxh2 Ra1+ 32. Kd2 Rd1+ 33. Kc3 Bf5 34. g4 Bg6 35. Re2 Kb6 36. Re7 Kc6 37. Re6+ Rd6 38. Rf6 Rxf6 39. gxf6 Kd6 40.
g5 Ke6 41. Kd4 Kf5 42. Kd5 Kxg5 43. Ke6 h5 44. c4 h4 45. b4 h3 46. b5 h2 47. b6 cxb6 48. f7 Bxf7+ 49. Kxf7 h1=Q 50. c5 Qd5+ 51. Ke7 Qxc5+ 52. Kd8 Qd6+ 53. Kc8 Qc6+ 54. Kb8 b5 55. Ka7 b4 56. Kb8 b3 57. Ka7 b2 58.
Kb8 b1=Q 59. Ka7 Qa1+ 60. Kb8 Qe5+ 61. Ka7 Qa5+ 62. Kb8 Qcc7# 0-1

[Event "*** SCC Grand Prix: Titled Tuesday Blitz"]
[Site "Chess.com"]
[Date "2020.07.14"]
[Round "2"]
[White "Shield12"]
[Black "Haykoooo0o"]
[Result "1-0"]
[WhiteElo "2837"]
[BlackElo "2520"]
[TimeControl "180+1"]
[EndTime "10:18:29 PDT"]
[Termination "Shield12 won by resignation"]

1. e4 e5 2. Nf3 Nc6 3. Nc3 Nf6 4. Be2 d5 5. Bb5 d4 6. Ne2 Bd6 7. Bxc6+ bxc6 8. d3 c5 9. O-O c4 10. Nexd4 exd4 11. e5 O-O 12. exd6 cxd3 13. Qxd3 Qxd6 14. Qxd4 Qc6 15. c4 Bb7 16. b3 Rad8 17. Qh4 Rfe8 18. h3 Rd3 19. Be3 h6 20. Rad1 Rxd1 21. Rxd1 a5 22.
Qg3 Ne4 23. Qg4 a4 24. Nd4 Qf6 25. Qf4 Qxf4 26. Bxf4 c5 27. Nb5 axb3 28. axb3 Bc6 29. f3 Bxb5 30. fxe4 Bc6 31. Bd6 Rxe4 32. Bxc5 Re2 33.
Bf2 Rb2 34. Rd8+ Kh7 35. Rb8 f5 36. b4 f4 37. b5 Be4 38. Rd8 Rb4 39. Rd4 Bb7 40. Rxf4 g5 41. Rf7+ Kg6 42. Rxb7 Rxc4 1-0

[Event "*** SCC Grand Prix: Titled Tuesday Blitz"]
[Site "Chess.com"]
[Date "2020.07.14"]
[Round "2"]
[White "okriak"]
[Black "Bacyanide"]
[Result "1-0"]
[WhiteElo "2708"]
[BlackElo "2469"]
[TimeControl "180+1"]
[EndTime "10:18:29 PDT"]
[Termination "okriak won by resignation"]

1. Nf3 d5 2. e3 Nf6 3. c4 e6 4. b3 c5 5. Bb2 Nc6 6. cxd5 exd5 7. Nc3 Be6 8. Rc1 Be7 9. d4 c4 10. Ne5 Qa5 11. Nxc6 bxc6 12. bxc4 dxc4 13. Qa4 Bb4 14.
Qxa5 Bxa5 15. Be2 Rb8 16. Ba1 Nd5 17. O-O Nb4 18. Rfd1 O-O 19. a3 Nd3 20. Bxd3 cxd3 21. Rxd3 Rb3 22. a4 Rfb8 23. Rdd1 Ra3 24. Ne4 Bd5 25.
Nc5 Bb6 26. Rb1 Re8 27. Bb2 Bxc5 28. dxc5 Rxa4 29. Ra1 Rg4 30. g3 Rb4 31. Bd4 Re7 32. Rdb1 Reb7 33. Rxb4 Rxb4 34. g4 f6 35. h4 Rb7 36.
Kh2 Kf7 37. Kg3 g5 38. hxg5 fxg5 39. Rh1 Kg6 40. Ra1 h5 41. gxh5+ Kxh5 42. f3 Kg6 43. e4 Be6 44. Ra6 Bd7 45. Be5 Kf7 46. Bd6 Ke6 47. Kg4 Rb3 48. Rxa7 Rd3 49. Kg3 Rc3 50. Ra8 Kf7 51. Rf8+ Kg7 52. Rd8 Be6 53. Be5+ Kg6 54. Bxc3 1-0

[Event "*** SCC Grand Prix: Titled Tuesday Blitz"]
[Site "Chess.com"]
[Date "2020.07.14"]
[Round "2"]
[White "oskariot"]
[Black "turayev_shahruh17"]
[Result "0-1"]
[WhiteElo "2653"]
[BlackElo "2471"]
[TimeControl "180+1"]
[EndTime "10:18:29 PDT"]
[Termination "turayev_shahruh17 won by resignation"]

1. e4 e6 2. d4 d5 3. Nd2 Nf6 4. e5 Nfd7 5. c3 c5 6. f4 Nc6 7. Ndf3 f6 8. Bd3 Qb6 9. Ne2 Be7 10. a3 O-O 11. b4 cxd4 12. cxd4 a6 13. h4 Qd8 14. Bc2 b5 15. g4 Nb6 16. Ng3 Nc4 17. exf6 Bxf6 18. Qd3 g6 19. h5 Ne7 20. hxg6 hxg6 21.
Qe2 Kf7 22. Rh7+ Ke8 23. g5 Bh8 24. Nh4 Bxd4 25. Nxg6 Bxa1 26. Rxe7+ Qxe7 27. Nxe7 Kxe7 28. Qh5 Bd7 29. g6 Kd6 30. f5 exf5 31. Bf4+ Kc6 32.
g7 Bxg7 33. Qg6+ Bf6 34. Nh5 Rae8+ 35. Kf1 Re6 36. Bxf5 Be8 37. Qh6 Rh8 38. Bxe6 Rxh6 39. Bxh6 Bxh5 40. Bf5 Nxa3 0-1

[Event "*** SCC Grand Prix: Titled Tuesday Blitz"]
[Site "Chess.com"]
[Date "2020.07.14"]
[Round "2"]
[White "Chessbard1972"]
[Black "Benjoneliere44"]
[Result "0-1"]
[WhiteElo "2307"]
[BlackElo "2610"]
[TimeControl "180+1"]
[EndTime "10:18:29 PDT"]
[Termination "Benjoneliere44 won on time"]

1. d4 d6 2. e4 g6 3. Nc3 Bg7 4.
Nge2 Nf6 5. h3 O-O 6. g3 c5 7. Bg2 cxd4 8. Nxd4 Nc6 9. Be3 Nxd4 10.
Bxd4 Be6 11. O-O Qd7 12. Kh2 Rfc8 13. f4 Bc4 14. Re1 Rab8 15. b3 Ba6 16. a4 b6 17. e5 dxe5 18. Bxe5 Qf5 19. g4 Qd7 20. Bxb8 Rxb8 21. Ne4 Qc7 22. Rb1 Qxf4+ 23. Kh1 Bb7 24.
Nxf6+ Bxf6 25. Bxb7 Rxb7 26. Qe2 Rd7 27. Rbd1 Rxd1 28.
Rxd1 Be5 29. Rf1 Qg3 30. Qg2 Qc3 31. Qf3 Qxf3+ 32. Rxf3 Kf8 33. Rd3 Ke8 34. Kg2 e6 35.
Kf3 f5 36. Rd1 Ke7 37. b4 h5 38. gxh5 gxh5 39. c4 Bd6 40. Rb1 e5 41. a5 Ke6 42. axb6 axb6 43. Rb2 e4+ 44. Ke3 Ke5 45. Ke2 f4 46. Rb3 Kd4 47. c5 bxc5 48. b5 f3+ 49. Kf2 c4 50. Rb1 h4 51. b6 Bg3+ 52. Kf1 e3 53.
Rb2 e2+ 54. Rxe2 fxe2+ 55. Kxe2 Bb8 56. b7 Kc3 57. Kd1 Kb2 0-1

[Event "*** SCC Grand Prix: Titled Tuesday Blitz"]
[Site "Chess.com"]
[Date "2020.07.14"]
[Round "2"]
[White "VladaSviridova"]
[Black "ErikRonka"]
[Result "1-0"]
[WhiteElo "2116"]
[BlackElo "2374"]
[TimeControl "180+1"]
[EndTime "10:18:29 PDT"]
[Termination "VladaSviridova won on time"]

1. d4 d5 2. c4 c6 3. Nf3 Nf6 4. Nc3 e6 5. e3 Nbd7 6. Qc2 Bd6 7. Bd3 dxc4 8. Bxc4 O-O 9. O-O a6 10. Rd1 b5 11.
Be2 Qc7 12. h3 c5 13. Ne4 Nxe4 14. Qxe4 Bb7 15. Qc2 Rac8 16. Bd2 Qb6 17. Qb1 Nf6 18. dxc5 Bxc5 19. b4 Be7 20. Qb2 Nd5 21. Rac1 Bf6 22. Nd4 Bxd4 23. Qxd4 Qxd4 24. exd4 Rxc1 25. Rxc1 Rc8 26.
Rxc8+ Bxc8 27. Bf3 Nb6 28. Kf1 Kf8 29. Ke2 Ke7 30.
Kd3 Nc4 31. Bc3 Kd6 32. h4 g6 33. h5 Bd7 34. hxg6 hxg6 35. g3 Bc6 36. Bxc6 Kxc6 37.
Ke4 Kd6 38. g4 Nb6 39. g5 Nd5 40. Bd2 Ne7 41. Bf4+ Kd7 42. Ke5 Nc6+ 43. Kf6 Ke8 44. Bd6 Nxd4 45. f4 Ne2 46. Be5 Ng3 47. Bd4 Ne4+ 48.
Ke5 Nd2 49. Kd6 Nf3 50. Bc3 Nh2 51. Kc6 Kd8 52. Kb6 Kd7 53. Kxa6 Kc6 54. a4 Nf3 55. axb5+ Kc7 56. Be5+ Kc8 57. Ka7 Nd2 58. b6 1-0

[Event "*** SCC Grand Prix: Titled Tuesday Blitz"]
[Site "Chess.com"]
[Date "2020.07.14"]
[Round "2"]
[White "AvitalBor"]
[Black "ellatambien"]
[Result "1-0"]
[WhiteElo "2728"]
[BlackElo "2451"]
[TimeControl "180+1"]
[EndTime "10:18:30 PDT"]
[Termination "AvitalBor won on time"]

1. e4 c5 2. c3 Nf6 3. e5 Nd5 4. d4 cxd4 5. cxd4 e6 6. Nf3 d6 7.
Bc4 Be7 8. O-O O-O 9. exd6 Qxd6 10. Nc3 Nxc3 11. bxc3 b6 12. Ne5 Nc6 13. Bf4 Nxe5 14. Bxe5 Qc6 15. Bd3 Bb7 16. Qg4 g6 17. c4 Rad8 18.
Rad1 f5 19. Qg3 Bh4 20. Qh3 Bf6 21. Bxf6 Rxf6 22. Be2 Rf7 23. Rfe1 Qc7 24. Qe3 Re7 25. h4 e5 26. dxe5 Rxd1 27. Bxd1 Kg7 28. h5 Be4 29. f3 Bc6 30. h6+ Kf8 31. c5 Bd5 32. cxb6 Qxb6 33. Qxb6 axb6 34. Bb3 Bxb3 35. axb3 Kf7 36. Kf2 g5 37.
Kg3 Re6 38. f4 Kg6 39. Rd1 Kh5 40. Rd6 Re7 41. Rxb6 Rc7 42. fxg5 Kxg5 43. b4 Rc3+ 44. Kh2 Re3 45. e6 1-0

[Event "*** SCC Grand Prix: Titled Tuesday Blitz"]
[Site "Chess.com"]
[Date "2020.07.14"]
[Round "2"]
[White "StockholmMissile"]
[Black "Matibar"]
[Result "1/2-1/2"]
[WhiteElo "2464"]
[BlackElo "2673"]
[TimeControl "180+1"]
[EndTime "10:18:30 PDT"]
[Termination "Game drawn by repetition"]

1. d4 f5 2. g3 Nf6 3. Bg2 g6 4. Nh3 Bg7 5. Nf4 Nc6 6. h4 e5 7. dxe5 Nxe5 8. Nc3 c6 9. h5 d5 10. b3 Nfg4 11. Bb2 Qb6 12. e3 Bd7 13. Na4 Qa5+ 14.
Bc3 Qc7 15. hxg6 hxg6 16. Rxh8+ Bxh8 17. Qd2 b6 18. Nb2 O-O-O 19. Nbd3 g5 20. Ne2 Be6 21. Nd4 Bd7 22. O-O-O Nxd3+ 23. cxd3 Qd6 24. Kb1 Kb7 25. Rc1 Rc8 26. Bb2 Ne5 27. Nf3 Nxf3 28.
Bxf3 Bxb2 29. Qxb2 f4 30. gxf4 gxf4 31. e4 dxe4 32.
Bxe4 Rc7 33. Rg1 Qh6 34. Qe5 Bc8 35. Kb2 f3 36. Qg5 Qd6 37. Qe3 Qe5+ 38. d4 Qf6 39.
Bxf3 Rf7 40. Rg3 Be6 41. Qe5 Qxe5 42. dxe5 Bd5 43. Bxd5 Rxf2+ 44. Kc3 cxd5 45. Rg7+ Kc6 46. Rxa7 Rf3+ 47. Kd4 Rf4+ 48. Kd3 Rf3+ 49. Kd4 Rf4+ 50. Kd3 Rf3+ 51. Kd4 1/2-1/2

[Event "*** SCC Grand Prix: Titled Tuesday Blitz"]
[Site "Chess.com"]
[Date "2020.07.14"]
[Round "2"]
[White "Savva09022009"]
[Black "tan275"]
[Result "0-1"]
[WhiteElo "2440"]
[BlackElo "2279"]
[TimeControl "180+1"]
[EndTime "10:18:30 PDT"]
[Termination "tan275 won by resignation"]

1. d4 Nf6 2. Nc3 c5 3. d5 d6 4.
Nf3 g6 5. Bf4 Bg7 6. Qd2 O-O 7.
Bh6 Bf5 8. Bxg7 Kxg7 9. h4 b5 10. h5 b4 11. Nd1 Qa5 12. b3 Nbd7 13. hxg6 Bxg6 14. Ne3 Ne4 15. Qc1 Ndf6 16. g4 c4 17. g5 Nxd5 18. Nxc4 Qc5 19. Qb2+ Ndc3 20. e3 d5 21.
Nce5 Rad8 22. Bd3 d4 23. exd4 Rxd4 24. Nxg6 fxg6 25. Qc1 Rxf3 26. Rh2 Rd8 27. Bxe4 Nxe4 28. Qb2+ Qc3+ 29. Qxc3+ Nxc3 30. a3 Rf5 31. axb4 Rfd5 32. Kf1 Rd1+ 33. Rxd1 Rxd1+ 34. Kg2 Rd2 35. Rh4 Rxc2 36.
Rc4 Rc1 37. Rc7 Kf7 38. Rxa7 Rb1 39. Rc7 Rxb3 40. Rc4 Nd5 41. Rd4 Ke6 42. Re4+ Kd6 43. Rh4 Rxb4 44. Rxh7 Rg4+ 45. Kf3 Rxg5 46. Rf7 Rf5+ 47.
Rxf5 gxf5 0-1

[Event "*** SCC Grand Prix: Titled Tuesday Blitz"]
[Site "Chess.com"]
[Date "2020.07.14"]
[Round "2"]
[White "londonkid"]
[Black "picturesquecheck"]
[Result "1/2-1/2"]
[WhiteElo "2428"]
[BlackElo "2220"]
[TimeControl "180+1"]
[EndTime "10:18:30 PDT"]
[Termination "Game drawn by repetition"]

1. d4 Nf6 2. c4 e6 3. Nf3 d5 4. Nc3 dxc4 5. e3 a6 6. Bxc4 b5 7.
Be2 c5 8. O-O Bb7 9. b3 Be7 10.
Bb2 O-O 11. a4 b4 12. Nb1 Nc6 13. Nbd2 cxd4 14. Nxd4 Nxd4 15. Bxd4 Rc8 16. Bf3 Bxf3 17. Nxf3 Nd5 18. Qe2 a5 19. Rfd1 Bf6 20. h3 Bxd4 21.
Rxd4 Qb6 22. Ne5 Rc3 23. Nd7 Qc7 24. Nxf8 Kxf8 25. Rd3 Rc2 26. Qf3 Qe5 27. Rad1 g6 28. e4 Nf4 29. Rd7 Rc3 30. Qg4 h5 31. Rd8+ Kg7 32.
Qh4 Rxb3 33. Qe7 Ne2+ 34. Kh1 Nc3 35. Qf8+ Kh7 36. Qxf7+ Kh6 37. R1d7 Rb1+ 38. Rd1 Rxd1+ 39. Rxd1 Nxd1 40. Qf8+ Qg7 41. Qf4+ g5 42. Qf3 Nc3 43. e5 Nxa4 44. Qc6 Qxe5 45. Qxa4 Qc5 46. Qe8 Qc1+ 47.
Kh2 Qf4+ 48. Kh1 Qc1+ 49. Kh2 Qf4+ 50. Kh1 Qc1+ 1/2-1/2

[Event "*** SCC Grand Prix: Titled Tuesday Blitz"]
[Site "Chess.com"]
[Date "2020.07.14"]
[Round "2"]
[White "Skatchkov_V"]
[Black "wonderfultime"]
[Result "0-1"]
[WhiteElo "2565"]
[BlackElo "2960"]
[TimeControl "180+1"]
[EndTime "10:18:31 PDT"]
[Termination "wonderfultime won on time"]

1. Nf3 Nf6 2. g3 c5 3. Bg2 g6 4. O-O Bg7 5. c3 O-O 6. d4 d6 7. Na3 Nbd7 8. Nc2 Rb8 9. Re1 Ne4 10. Ng5 Nxg5 11. Bxg5 h6 12. Bf4 b5 13. e4 Bb7 14.
Qd2 Kh7 15. Rad1 cxd4 16. cxd4 Rc8 17. Be3 Nb6 18. b3 Qc7 19. Rc1 Qc3 20. Qe2 Qb2 21.
Qd3 Rc3 22. Qd2 Rfc8 23. Nb4 Rxc1 24. Rxc1 Rxc1+ 25. Qxc1 Qxc1+ 26. Bxc1 Bxd4 27. Kf1 a5 28. Nc2 Bc3 29. f3 Nd7 30. Ke2 b4 31. Kd1 Nc5 32. Be3 f5 33. exf5 gxf5 34. Nd4 Kg6 35. Nb5 Bf6 36.
Nd4 a4 37. Ke2 Bd5 38. Bh3 e6 39. bxa4 Nxa4 40. Nc2 Nc3+ 41. Kd2 Nxa2 42. g4 b3 43. Na3 Bc3+ 44. Kd3 fxg4 45. Bxg4 Be5 46. f4 Bf6 47. Bd1 Nb4+ 48. Kd2 b2 49. Be2 Be4 50. f5+ Bxf5 0-1

[Event "*** SCC Grand Prix: Titled Tuesday Blitz"]
[Site "Chess.com"]
[Date "2020.07.14"]
[Round "2"]
[White "ChessicallyInclined"]
[Black "praveenb2002"]
[Result "1-0"]
[WhiteElo "2496"]
[BlackElo "2721"]
[TimeControl "180+1"]
[EndTime "10:18:32 PDT"]
[Termination "ChessicallyInclined won by resignation"]

1. d4 Nf6 2. c4 g6 3. Nc3 Bg7 4. e4 d6 5. f3 O-O 6. Be3 c5 7. Nge2 Nc6 8. d5 Ne5 9. Ng3 e6 10. Be2 exd5 11. cxd5 a6 12. a4 Bd7 13. O-O b5 14. h3 Rb8 15. axb5 axb5 16. f4 Nc4 17. Bxc4 bxc4 18. e5 Ne8 19. Qe2 Qc7 20.
Nge4 f5 21. exd6 Nxd6 22. Nxc5 Rfe8 23. Na6 Rxe3 24. Qxe3 Qb6 25. Qxb6 Rxb6 26. Ra2 Ne4 27. Nxe4 fxe4 28. Rc1 Bd4+ 29. Kf1 Bxb2 30. Rc2 c3 31. Nc5 Bb5+ 32. Ke1 Bd3 33. Kd1 Rb5 34. Na4 Rxd5 35. Nxb2 Bc4+ 36. Kc1 cxb2+ 37. Raxb2 Bd3 38. Rc7 Rd8 39. Kd2 Ba6+ 40. Ke3 Bd3 41. Rbb7 h5 42. Rg7+ Kf8 43.
Rh7 Kg8 44. Rbg7+ Kf8 45. Rxg6 Bc2 46. Rh8+ Kf7 47. Rxd8 Kxg6 48. g4 hxg4 49. hxg4 Kf6 50. Rd6+ Ke7 51. Rb6 Kf7 52. Rb4 Kf6 53. Rxe4 Bxe4 54.
Kxe4 Ke6 55. f5+ Kf6 56. Kf4 Kf7 57. Ke5 Kg7 58. Ke6 Kh6 59. f6 1-0